 Dungeon Sprint DCSS version 0.29.1-15-g9cfb28693d (webtiles) character file.

Game seed: 3183941141667731956

14 person50605 the Chopper (level 4, 0/36 (38) HPs)
             Began as a Demonspawn Gladiator on Mar 2, 2023.
             Slain by a necrophage (2 damage)
             ... in the Dungeon (Sprint VI: "Thunderdome").
             The game lasted 00:02:31 (174 turns).

person50605 the Chopper (Demonspawn Gladiator)       Turns: 174, Time: 00:02:31

HP:   0/36 (38)     AC:  5    Str: 16    XL:     4   Next: 10%
MP:   4/4           EV: 13    Int: 10    God:
Gold: 20            SH:  0    Dex: 14    Spells: 3/3 levels left

rFire   . . .      SeeInvis .   a - +0 war axe
rCold   . . .      Faith    .   (no shield)
rNeg    . . .      Spirit   .   b - +0 leather armour
rPois   .          Reflect  .   c - +0 helmet
rElec   .          Harm     .   (no cloak)
rCorr   .          Rampage  .   (no gloves)
Will    .....      NoTele   +   (no boots)
Stlth   +.........              (no amulet)
HPRegen 0.12/turn               (no ring)
MPRegen 0.09/turn               (no ring)

@: drained
A: rugged brown scales 1
a: no special abilities


You were in the Dungeon.
You visited 1 branch You collected 20 gold pieces.

Inventory:

Hand Weapons
 a - a +0 war axe (weapon)
Missiles
 d - 3 throwing nets (quivered)
 e - a javelin
Armour
 b - a +0 leather armour (worn)
 c - a +0 helmet (worn)
Scrolls
 k - a scroll of blinking
Potions
 f - a potion of curing
 h - a potion of haste
 i - 2 potions of magic
 j - a potion of berserk rage


   Skills:
 + Level 3.7 Fighting
 + Level 5.2 Axes
 + Level 2.7 Throwing
 + Level 1.4 Armour
 + Level 4.9 Dodging


You had 3 spell levels left.
You didn't know any spells.
Your spell library was empty.

Dungeon Overview and Level Annotations

Branches:
Dungeon (1/1)

Altars:
Cheibriados
Dithmenos
Gozag
Kikubaaqudgha
Makhleb
Okawaru
Qazlal
Ru
Sif Muna
Trog
Uskayaw
Vehumet
Xom
Yredelemnul
Lugonu

Shops:
D *[??*?*:[((


Innate Abilities, Weirdness & Mutations

You are partially covered in rugged brown scales. (AC +1, +3% HP)


Message History

The orc hits you but does no damage. The orc hits you with a +0 flail.
You slash the orc!
The orc is almost dead.
The orc hits you with a +0 flail.
* * * LOW HITPOINT WARNING * * *
You hit the orc.
You kill the orc!
Victory!
Score multiplier: 2x You now have 14 arena points (gained 14).
You now have 20 gold pieces.
You start resting.
Get ready!
ROUND 2!
FIGHT!
You start resting.
A necrophage comes into view.
You start resting.
A necrophage comes into view.
A necrophage comes into view.
The necrophage attacks as you move away!
The necrophage barely misses you.
The necrophage attacks as you move away!
The necrophage hits you.
You feel drained.
You hit the necrophage.
The necrophage is lightly damaged.
The necrophage hits you but does no damage.
You closely miss the necrophage.
The necrophage is lightly damaged.
The necrophage hits you.
* * * LOW HITPOINT WARNING * * *
You barely miss the necrophage.
The necrophage is lightly damaged.
The necrophage hits you!
* * * LOW HITPOINT WARNING * * *
You feel drained.
* * * LOW HITPOINT WARNING * * *
You hit the necrophage.
The necrophage is lightly damaged.
The necrophage closely misses you. The necrophage hits you.
You die...

#_......._#
###.........###
#⌠...........⌠#
######.8.........8.#
##.__.......###.....n
###∩........8.# #.8n...
##.......).....###......
#⌠..........###...###...
#⌠.....@n...# #.<.# ...
#n..........###...# #...
##.............###......
###∩........8.# .8....
##∩_._......###......
######.8.........8.#
#⌠...........⌠#
###.........###
#_......._#


You could see 2 necrophages.

Vanquished Creatures
  A necrophage (D)
  An adder (D)
  2 orcs (D)
  A goblin (D)
  A frilled lizard (D)
6 creatures vanquished.

Notes
Turn   | Place    | Note
-------+----------+-------------------------------------------
     0 | D        | person50605 the Demonspawn Gladiator began the quest for
                  | the Orb.
     0 | D        | Reached XP level 1. HP: 16/16 MP: 1/1
     1 | D        | Found a corrupted altar of Lugonu.
     3 | D        | Found a sacrificial altar of Ru.
     3 | D        | Found a stormy altar of Qazlal.
     5 | D        | Found a hide-covered altar of Uskayaw.
     5 | D        | Round 1.
     7 | D        | Found an ancient bone altar of Kikubaaqudgha.
     8 | D        | Found a snail-covered altar of Cheibriados.
     9 | D        | Found an opulent altar of Gozag.
     9 | D        | Found a shimmering altar of Xom.
    10 | D        | Found a radiant altar of Vehumet.
    10 | D        | Found Taud's Premium Goods.
    10 | D        | Found Usuttec's Weapon Rack.
    11 | D        | Found Loankao's Miscellaneous Merchandise.
    11 | D        | Found Suoduaz's Basic Armour.
    20 | D        | Found Daugipp's Identification Station.
    21 | D        | Found a shadowy altar of Dithmenos.
    21 | D        | Found a bloodstained altar of Trog.
    22 | D        | Found Lajops's Advanced Armour.
    22 | D        | Found Umpuosch's Jewellery.
    42 | D        | Reached skill level 3 in Axes
    42 | D        | Gained mutation: You are partially covered in rugged brown
                  | scales. (AC +1, +3% HP) [demonic ancestry]
    42 | D        | Reached XP level 2. HP: 1/23 MP: 2/2
    47 | D        | Noticed a necrophage
    62 | D        | Killed a necrophage
    63 | D        | Reached skill level 5 in Axes
    63 | D        | Reached skill level 1 in Armour
    63 | D        | Reached XP level 3. HP: 9/29 MP: 3/3
    63 | D        | Reached XP level 4. HP: 12/37 MP: 4/4
    72 | D        | Found a basalt altar of Yredelemnul.
    73 | D        | Found a shimmering blue altar of Sif Muna.
    73 | D        | Found Miseh's Magic Scroll Shop.
    75 | D        | Found Munitt's Magic Scroll Shop.
    75 | D        | Found Bosaexar's Must-Have Magic.
    76 | D        | Found a burning altar of Makhleb.
    76 | D        | Found an iron altar of Okawaru.
    76 | D        | Found Hutuasti's Staff Store.
    90 | D        | Arena points: 14 (+14) [x2]
   113 | D        | Round 2.
   142 | D        | Noticed a necrophage
   157 | D        | Noticed a necrophage
   161 | D        | Noticed a necrophage
   174 | D        | Slain by a necrophage

Illustrated notes

Levels and vault maps discovered:
D:        arena_sprint

Skill      XL: |  1  2 |
---------------+-------+-----
Axes           | 3 5 |  5.2
Throwing       | 2 |  2.7
Dodging        | 3 4 |  4.9
Fighting       | 3 |  3.7
Armour         | 1 |  1.4

Action                   |  1- 3 |  4- 6 || total
-------------------------+-------+-------++-------
Melee: War axe           |    15 |    14 ||    29
  Use: Potion            |     1 |       ||     1
Armor: Leather armour    |     4 |     6 ||    10
Dodge: Dodged            |    15 |     9 ||    24
